Nordiques vs Sabres

Created - 9 février 2018 at 20:20

Goals
1 2 3 T
Nordiques 2 2 3 7
Sabres 0 1 1 2
Shots
1 2 3 T
Nordiques 11 9 18 38
Sabres 8 15 12 35

1st period

1. Nordiques , Connor Brown 9 (Jared Spurgeon 18, Patrik Berglund 16) at 5:16
2. Nordiques , Jamie Benn 26 (Sebastian Aho 28, Ryan O'Reilly 29) at 6:07

Penalties :
No Penalty

2nd period

3. Sabres , Rickard Rakell 16 (Paul Stastny 22) at 3:32
4. Nordiques , Alexander Wennberg 15 (Kyle Turris 18) at 5:07
5. Nordiques , Jamie Benn 27 (Ryan O'Reilly 30) at 17:58 (PP)

Penalties :
Martin Frk (BUF) for Holding (Minor) at 17:54

3rd period

6. Nordiques , Ryan O'Reilly 20 (Jamie Benn 25) at 3:40
7. Nordiques , Alexander Wennberg 16 (Evander Kane 6, Kyle Turris 19) at 3:46 (PP)
8. Nordiques , Jamie Benn 28 (Jared Spurgeon 19, Ryan O'Reilly 31) at 4:03
9. Sabres , David Backes 13 (Kevin Hayes 18, Martin Frk 6) at 5:31 (PP)

Penalties :
Michael Stone (BUF) for Roughing (Minor) at 3:43, Evander Kane (QUE) for High sticking (Double Minor) at 4:31, Jonathan Bernier (QUE) for Delaying the game (Minor) at 5:59 - Tom Gilbert served the penalty

Goalie Stats

Jonathan Bernier (QUE), 33 saves from 35 shots - (0,943), W, 7-2-0, 60:00 minutes
Kari Lehtonen (BUF), 13 saves from 15 shots - (0,867), 16:20 minutes
Martin Jones (BUF), 18 saves from 23 shots - (0,783), L, 14-21-2, 43:40 minutes

Players Stats for Nordiques

Player Name              G  A  P  +/- PIM S  H  SB GA TA FO     MP     PP MP  PK MP  
------------------------------------------------------------------------------------
Alexander Wennberg       2  0  2   1  0   3  0  1  0  1  1/2    16:18   0:03   0:00 
Andrei Markov            0  0  0   0  0   1  1  1  0  0  0/0    22:22   0:07   0:50 
Connor Brown             1  0  1   0  0   3  0  0  1  0  0/2    17:12   0:00   0:46 
Derek MacKenzie          0  0  0   0  0   0  2  2  0  0  0/0     8:32   0:00   1:07 
Evander Kane             0  1  1   1  4   3  2  1  2  0  2/2    16:20   0:03   0:03 
Jakub Vrana              0  0  0   0  0   0  0  0  0  0  0/0     7:25   0:00   0:00 
Jamie Benn               3  1  4   3  0   8  2  0  1  0  0/0    16:24   0:04   0:00 
Jared Spurgeon           0  2  2   3  0   3  1  1  0  1  0/0    23:32   0:00   1:39 
Jaromir Jagr             0  0  0   0  0   1  1  1  1  1  0/0    16:26   0:00   0:00 
Kevin Klein              0  0  0   1  0   0  1  2  0  1  0/0    15:09   0:00   1:48 
Kyle Turris              0  2  2   1  0   2  0  1  0  0  7/19   16:18   0:03   0:00 
Luke Glendening          0  0  0   0  0   0  0  1  1  0  2/3     8:32   0:00   1:07 
Morgan Rielly            0  0  0   0  0   1  0  0  1  0  0/0    22:51   0:00   1:39 
Patrik Berglund          0  1  1   0  0   4  4  1  1  1  9/18   17:56   0:00   1:30 
Ryan O'Reilly            1  3  4   3  0   2  0  0  2  0  15/22  17:14   0:04   0:50 
Sebastian Aho            0  1  1   3  0   4  1  0  0  0  0/0    16:24   0:04   0:00 
Shayne Gostisbehere      0  0  0   3  0   3  2  4  0  0  0/0    22:14   0:07   0:14 
Tom Gilbert              0  0  0   1  0   0  0  1  0  3  0/0    13:52   0:00   0:44 

Players Stats for Sabres

Player Name              G  A  P  +/- PIM S  H  SB GA TA FO     MP     PP MP  PK MP  
------------------------------------------------------------------------------------
Andre Burakovsky         0  0  0  -3  0   4  0  0  0  0  1/2    15:19   0:00   0:00 
Andrew Copp              0  0  0   0  0   4  0  1  0  0  7/13   13:40   0:00   0:07 
Brian Flynn              0  0  0   0  0   0  0  0  0  0  0/0     9:52   0:00   0:07 
Clayton Keller           0  0  0  -3  0   3  0  0  1  0  1/1    17:33   2:11   0:00 
Clayton Stoner           0  0  0  -1  0   0  3  0  0  0  0/0    15:34   0:00   0:00 
David Backes             1  0  1  -1  0   3  1  0  1  0  0/0    19:02   1:16   0:00 
Erik Gudbranson          0  0  0  -1  0   1  2  2  1  0  0/0    15:43   0:00   0:07 
Ivan Provorov            0  0  0   1  0   0  5  0  0  3  0/0    22:38   0:54   0:00 
Joonas Donskoi           0  0  0   0  0   0  0  0  0  0  0/0     0:00   0:00   0:00 
Josh Anderson            0  0  0   0  0   2  4  1  1  0  0/0    14:33   0:54   0:00 
Kevin Hayes              0  1  1  -3  0   0  0  0  0  1  7/15   16:32   1:16   0:00 
Kevin Shattenkirk        0  0  0  -4  0   1  2  0  1  1  0/0    21:39   2:33   0:00 
Martin Frk               0  1  1   0  2   1  1  0  0  0  1/1    11:00   1:16   0:00 
Michael Stone            0  0  0  -4  2   0  0  1  0  1  0/0    19:09   0:00   0:04 
Paul Stastny             0  1  1  -1  0   2  1  0  0  2  13/28  20:03   2:11   0:00 
Rickard Rakell           1  0  1  -1  0   5  1  1  0  0  0/2    20:03   2:11   0:00 
Roman Josi               0  0  0   1  0   7  0  1  1  1  0/0    24:13   2:33   0:03 
Ryan Carpenter           0  0  0   0  0   2  1  0  1  0  2/5     9:45   0:00   0:00 
Zach Hyman               0  0  0   0  0   0  0  1  1  1  0/1    13:33   0:00   0:00 

3 Stars

1 - Jamie Benn (QUE)
2 - Ryan O'Reilly (QUE)
3 - Alexander Wennberg (QUE)

Power Play

Nordiques - 2 on 2 Attempt(s) - 100,00%
Sabres - 1 on 3 Attempt(s) - 33,33%

Penalty Kill

Nordiques - 2 on 3 Attempt(s) - 66,67% - Score 0 goal in Penalty Kill
Sabres - 0 on 2 Attempt(s) - 0,00% - Score 0 goal in Penalty Kill

Team Stat

Nordiques - Hits : 17 - Faceoff Wins : 36 - Blocked Shots : 17 - Penalty Minutes : 6
Sabres - Hits : 21 - Faceoff Wins : 32 - Blocked Shots : 8 - Penalty Minutes : 4

Official

Referees : Graham Skiliter and Kelly Sutherland
Linesman : Ryan Gibbons and Vaughan Rody

Game Notes

Kari Lehtonen enters game at 3:40 of 3rd period
Jamie Benn has scored a Hat Trick!

Finance

Level 1 -- Attendance: 4345 (72,42%) -- Ticket Income 434 500 $
Level 2 -- Attendance: 4108 (82,16%) -- Ticket Income 254 696 $
Level 3 -- Attendance: 1117 (55,85%) -- Ticket Income 61 435 $
Level 4 -- Attendance: 3142 (78,55%) -- Ticket Income 78 550 $
Luxury Box -- Attendance: 849 (84,90%) -- Ticket Income 157 914 $
Game was played at the First Niagara Center.
Total Attendance: 13561 (75,34%)
Total Ticket Income: 987 095 $
Other Income: 483 677 $
Total Income: 1 470 772 $

Nordiques

5 vs 5 Forward 
   Center                   Left Wing                Right Wing               Time % Phy DF OF 
 1 Ryan O'Reilly            Jamie Benn               Sebastian Aho            30     0   2  3  
 2 Kyle Turris              Evander Kane             Alexander Wennberg       30     0   2  3  
 3 Patrik Berglund          Jaromir Jagr             Connor Brown             30     0   2  3  
 4 Luke Glendening          Derek MacKenzie          Jakub Vrana              10     0   2  3  

5 vs 5 Defense 
   Defense                  Defense                                           Time % Phy DF OF 
 1 Jared Spurgeon           Shayne Gostisbehere                               38     1   3  1  
 2 Andrei Markov            Morgan Rielly                                     38     1   2  2  
 3 Kevin Klein              Tom Gilbert                                       24     1   3  1  
 4 Jared Spurgeon           Shayne Gostisbehere                               0      1   2  2  

PowerPlay Forward 
   Center                   Left Wing                Right Wing               Time % Phy DF OF 
 1 Ryan O'Reilly            Jamie Benn               Sebastian Aho            50     1   1  3  
 2 Kyle Turris              Evander Kane             Alexander Wennberg       50     1   1  3  

PowerPlay Defense
   Defense                  Defense                                           Time % Phy DF OF 
 1 Andrei Markov            Shayne Gostisbehere                               60     1   1  3  
 2 Jared Spurgeon           Morgan Rielly                                     40     1   1  3  

Penalty Kill 4 Players Forward 
   Center                   Wing                     Time % Phy DF OF 
 1 Patrik Berglund          Connor Brown             50     1   3  1  
 2 Luke Glendening          Derek MacKenzie          50     1   3  1  

Penalty Kill 4 Players Defense
   Defense                  Defense                  Time % Phy DF OF 
 1 Jared Spurgeon           Morgan Rielly            50     1   3  1  
 2 Kevin Klein              Tom Gilbert              50     1   3  1  

Penalty Kill - 3 Players Forward 
   Forward                                           Time % Phy DF OF 
 1 Ryan O'Reilly                                     50     0   3  2  
 2 Patrik Berglund                                   50     0   3  2  

Penalty Kill - 3 Players Defense
   Defense                  Defense                  Time % Phy DF OF 
 1 Jared Spurgeon           Morgan Rielly            50     1   3  1  
 2 Kevin Klein              Tom Gilbert              50     1   3  1  

4 vs 4 Forward 
   Center                   Wing                     Time % Phy DF OF 
 1 Ryan O'Reilly            Jamie Benn               50     0   2  3  
 2 Kyle Turris              Alexander Wennberg       50     0   2  3  

4 vs 4 Defense
   Defense                  Defense                  Time % Phy DF OF 
 1 Jared Spurgeon           Shayne Gostisbehere      50     1   2  2  
 2 Andrei Markov            Morgan Rielly            50     1   2  2  

Last Minutes Offensive
   Center                   Left Wing                Right Wing               Defense                  Defense                  
   Ryan O'Reilly            Jamie Benn               Sebastian Aho            Jared Spurgeon           Shayne Gostisbehere      

Last Minutes Defensive
   Center                   Left Wing                Right Wing               Defense                  Defense                  
   Ryan O'Reilly            Jamie Benn               Sebastian Aho            Jared Spurgeon           Morgan Rielly            

Goaltenders
Starting : Jonathan Bernier         
Backup : Roberto Luongo           

Extra Forwards
Normal : Ryan O'Reilly, Jamie Benn, Kyle Turris - PP : Jaromir Jagr, Patrik Berglund - PK : Ryan O'Reilly
Extra Defensemen
Normal : Kevin Klein, Tom Gilbert, Morgan Rielly - PP : Tom Gilbert - PK : Andrei Markov, Shayne Gostisbehere
Penalty Shots
Patrik Berglund, Kyle Turris, Sebastian Aho, Jamie Benn, Ryan O'Reilly
Custom OT Lines Forwards
Jamie Benn, Ryan O'Reilly, Kyle Turris, Alexander Wennberg, Sebastian Aho, Patrik Berglund, Evander Kane, Jaromir Jagr, Connor Brown, Luke Glendening
Custom OT Lines Defensemen
Jared Spurgeon, Andrei Markov, Morgan Rielly, Shayne Gostisbehere, Kevin Klein

Scratches
John-Michael Liles (Healthy), Paul Carey (Healthy)

Sabres

5 vs 5 Forward 
   Center                   Left Wing                Right Wing               Time % Phy DF OF 
 1 Paul Stastny             Rickard Rakell           David Backes             35     0   1  4  
 2 Kevin Hayes              Clayton Keller           Andre Burakovsky         30     0   1  4  
 3 Andrew Copp              Zach Hyman               Josh Anderson            25     0   2  2  
 4 Ryan Carpenter           Brian Flynn              Martin Frk               10     0   3  2  

5 vs 5 Defense 
   Defense                  Defense                                           Time % Phy DF OF 
 1 Roman Josi               Ivan Provorov                                     40     0   2  3  
 2 Michael Stone            Kevin Shattenkirk                                 35     0   2  2  
 3 Erik Gudbranson          Clayton Stoner                                    25     0   4  1  
 4 Ivan Provorov            Clayton Stoner                                    0      0   3  2  

PowerPlay Forward 
   Center                   Left Wing                Right Wing               Time % Phy DF OF 
 1 Paul Stastny             Clayton Keller           Rickard Rakell           60     0   0  5  
 2 Kevin Hayes              David Backes             Martin Frk               40     0   0  5  

PowerPlay Defense
   Defense                  Defense                                           Time % Phy DF OF 
 1 Roman Josi               Kevin Shattenkirk                                 55     0   1  4  
 2 Ivan Provorov            Josh Anderson                                     45     0   1  4  

Penalty Kill 4 Players Forward 
   Center                   Wing                     Time % Phy DF OF 
 1 Andrew Copp              Brian Flynn              60     0   5  0  
 2 Kevin Hayes              Zach Hyman               40     0   5  0  

Penalty Kill 4 Players Defense
   Defense                  Defense                  Time % Phy DF OF 
 1 Michael Stone            Erik Gudbranson          60     0   5  0  
 2 Ivan Provorov            Clayton Stoner           40     0   5  0  

Penalty Kill - 3 Players Forward 
   Forward                                           Time % Phy DF OF 
 1 Andrew Copp                                       60     0   5  0  
 2 Brian Flynn                                       40     0   5  0  

Penalty Kill - 3 Players Defense
   Defense                  Defense                  Time % Phy DF OF 
 1 Erik Gudbranson          Michael Stone            60     0   5  0  
 2 Ivan Provorov            Clayton Stoner           40     0   5  0  

4 vs 4 Forward 
   Center                   Wing                     Time % Phy DF OF 
 1 Ryan Carpenter           Josh Anderson            60     1   2  2  
 2 Andrew Copp              Martin Frk               40     1   2  2  

4 vs 4 Defense
   Defense                  Defense                  Time % Phy DF OF 
 1 Clayton Stoner           Erik Gudbranson          60     1   2  2  
 2 Kevin Shattenkirk        Michael Stone            40     1   2  2  

Last Minutes Offensive
   Center                   Left Wing                Right Wing               Defense                  Defense                  
   Paul Stastny             Clayton Keller           Rickard Rakell           Kevin Shattenkirk        Roman Josi               

Last Minutes Defensive
   Center                   Left Wing                Right Wing               Defense                  Defense                  
   Paul Stastny             Andrew Copp              Brian Flynn              Ivan Provorov            Michael Stone            

Goaltenders
Starting : Martin Jones             
Backup : Kari Lehtonen            

Extra Forwards
Normal : Zach Hyman, Andrew Copp, Josh Anderson - PP : Zach Hyman, Andrew Copp - PK : Josh Anderson
Extra Defensemen
Normal : Ivan Provorov, Erik Gudbranson, Roman Josi - PP : Ivan Provorov - PK : Erik Gudbranson, Roman Josi
Penalty Shots
Brian Flynn, Kevin Hayes, Clayton Keller, Rickard Rakell, Martin Frk
Custom OT Lines Forwards
David Backes, Paul Stastny, Rickard Rakell, Kevin Hayes, Clayton Keller, Andre Burakovsky, Zach Hyman, Andrew Copp, Josh Anderson, Martin Frk
Custom OT Lines Defensemen
Roman Josi, Ivan Provorov, Kevin Shattenkirk, Michael Stone, Erik Gudbranson

Scratches
None


% Time on Ice - Nordiques

Lines # - Real PCT - Wanted PCT - Time Play
Normal Forward
1 - 29% - 30% - 16:20
2 - 29% - 30% - 16:15
3 - 29% - 30% - 16:26
4 - 13% - 10% - 7:25
Normal Defense
1 - 37% - 38% - 20:42
2 - 38% - 38% - 21:25
3 - 23% - 24% - 13:08
4 - 2% - 0% - 1:11
PP Forward
1 - 57% - 50% - 0:04
2 - 43% - 50% - 0:03
PP Defense
1 - 100% - 60% - 0:07
2 - 0% - 40% - 0:00
PK Forward
1 - 42% - 50% - 0:49
2 - 58% - 50% - 1:07
PK Defense
1 - 38% - 50% - 0:44
2 - 62% - 50% - 1:12
PK3 Forward
1 - 52% - 50% - 0:47
2 - 48% - 50% - 0:44
PK3 Defense
1 - 60% - 50% - 0:55
2 - 40% - 50% - 0:36
44 Forward
1 - 0% - 50%
2 - 0% - 50%
44 Defense
1 - 0% - 50%
2 - 0% - 50%
Last Minute Offensive  - 0:00
Last Minute Defensive  - 0:00
Total
Forward - 60:00
Defense - 60:00

% Time on Ice - Sabres

Lines # - Real PCT - Wanted PCT - Time Play
Normal Forward
1 - 32% - 35% - 17:52
2 - 27% - 30% - 15:16
3 - 24% - 25% - 13:33
4 - 17% - 10% - 9:45
Normal Defense
1 - 38% - 40% - 21:37
2 - 34% - 35% - 19:23
3 - 27% - 25% - 15:26
4 - 0% - 0% - 0:00
PP Forward
1 - 63% - 60% - 2:11
2 - 37% - 40% - 1:16
PP Defense
1 - 74% - 55% - 2:33
2 - 26% - 45% - 0:54
PK Forward
1 - 100% - 60% - 0:07
2 - 0% - 40% - 0:00
PK Defense
1 - 100% - 60% - 0:07
2 - 0% - 40% - 0:00
PK3 Forward
1 - 0% - 60%
2 - 0% - 40%
PK3 Defense
1 - 0% - 60%
2 - 0% - 40%
44 Forward
1 - 0% - 60%
2 - 0% - 40%
44 Defense
1 - 0% - 60%
2 - 0% - 40%
Last Minute Offensive  - 0:00
Last Minute Defensive  - 0:00
Total
Forward - 60:00
Defense - 60:00

Play by Play

1st period


0:01 of 1st period - Paul Stastny wins face-off versus Ryan O'Reilly in neutral zone.
0:27 of 1st period - Kevin Hayes is hit by Evander Kane and loses puck.
0:36 of 1st period - Backhand shot by Roman Josi.
0:36 of 1st period - Stopped by Jonathan Bernier without a rebound.
0:37 of 1st period - Patrik Berglund wins face-off versus Zach Hyman in Nordiques zone.
1:31 of 1st period - Wrist shot by Alexander Wennberg.
1:31 of 1st period - Shot Misses the Net.
1:33 of 1st period - Slapshot by Andrei Markov.
1:33 of 1st period - Stopped by Martin Jones without a rebound.
1:34 of 1st period - Alexander Wennberg wins face-off versus Paul Stastny in Sabres zone.
2:51 of 1st period - Wrist shot by Martin Frk.
2:51 of 1st period - Shot Blocked by Shayne Gostisbehere.
2:53 of 1st period - Wrist shot by Ryan Carpenter.
2:53 of 1st period - Stopped by Jonathan Bernier with a rebound.
3:23 of 1st period - Jamie Benn is hit by Josh Anderson and loses puck.
4:35 of 1st period - Jakub Vrana is hit by Kevin Shattenkirk and loses puck.
5:08 of 1st period - Snap shot by Andre Burakovsky.
5:08 of 1st period - Stopped by Jonathan Bernier with a rebound.
5:14 of 1st period - Backhand shot by Patrik Berglund.
5:14 of 1st period - Shot Misses the Net.
5:16 of 1st period - Backhand shot by Jared Spurgeon.
5:16 of 1st period - Deflect By Connor Brown.
5:16 of 1st period - Goal by Connor Brown - Nordiques : 1 - Sabres : 0.
5:17 of 1st period - Andrew Copp wins face-off versus Patrik Berglund in neutral zone.
5:24 of 1st period - Wrist shot by Patrik Berglund.
5:24 of 1st period - Shot Misses the Net.
5:42 of 1st period - Roman Josi is hit by Evander Kane and loses puck.
5:49 of 1st period - Slapshot by Evander Kane.
5:49 of 1st period - Stopped by Martin Jones with a rebound.
5:51 of 1st period - Slapshot by Tom Gilbert.
5:51 of 1st period - Deflect By Evander Kane.
5:51 of 1st period - Stopped by Martin Jones without a rebound.
5:52 of 1st period - Ryan O'Reilly wins face-off versus Kevin Hayes in Sabres zone.
5:53 of 1st period - Snap shot by Jamie Benn.
5:53 of 1st period - Shot Misses the Net.
5:55 of 1st period - Slapshot by Jamie Benn.
5:55 of 1st period - Shot Misses the Net.
5:57 of 1st period - Snap shot by Ryan O'Reilly.
5:57 of 1st period - Shot Misses the Net.
5:59 of 1st period - Wrist shot by Sebastian Aho.
5:59 of 1st period - Shot Misses the Net.
6:01 of 1st period - Snap shot by Kevin Klein.
6:01 of 1st period - Shot Misses the Net.
6:03 of 1st period - Snap shot by Ryan O'Reilly.
6:03 of 1st period - Shot Hit the Post.
6:05 of 1st period - Snap shot by Sebastian Aho.
6:05 of 1st period - Shot Misses the Net.
6:07 of 1st period - Snap shot by Jamie Benn.
6:07 of 1st period - Goal by Jamie Benn - Nordiques : 2 - Sabres : 0.
6:08 of 1st period - Patrik Berglund wins face-off versus Paul Stastny in neutral zone.
6:17 of 1st period - Snap shot by Rickard Rakell.
6:17 of 1st period - Stopped by Jonathan Bernier with a rebound.
6:35 of 1st period - Kyle Turris is hit by Ivan Provorov and loses puck.
7:38 of 1st period - Icing by Andrei Markov.
7:39 of 1st period - Ryan O'Reilly wins face-off versus Ryan Carpenter in Nordiques zone.
7:58 of 1st period - Slapshot by Sebastian Aho.
7:58 of 1st period - Stopped by Martin Jones with a rebound.
8:14 of 1st period - Snap shot by Sebastian Aho.
8:14 of 1st period - Shot Blocked by Michael Stone.
8:16 of 1st period - Slapshot by Jared Spurgeon.
8:16 of 1st period - Stopped by Martin Jones without a rebound.
8:17 of 1st period - Paul Stastny wins face-off versus Patrik Berglund in Sabres zone.
8:52 of 1st period - Snap shot by Clayton Keller.
8:52 of 1st period - Shot Misses the Net.
8:54 of 1st period - Wrist shot by Kevin Hayes.
8:54 of 1st period - Shot Blocked by Evander Kane.
8:56 of 1st period - Slapshot by Erik Gudbranson.
8:56 of 1st period - Deflect By Kevin Hayes.
8:56 of 1st period - Shot Misses the Net.
8:56 of 1st period - Puck is out of play.
8:57 of 1st period - Luke Glendening wins face-off versus Andrew Copp in Nordiques zone.
9:22 of 1st period - Josh Anderson is hit by Patrik Berglund.
9:26 of 1st period - Snap shot by Roman Josi.
9:26 of 1st period - Stopped by Jonathan Bernier with a rebound.
9:32 of 1st period - Morgan Rielly is hit by Kevin Shattenkirk and loses puck.
10:13 of 1st period - Rickard Rakell is hit by Shayne Gostisbehere and loses puck.
11:01 of 1st period - Connor Brown is hit by Clayton Stoner and loses puck.
11:17 of 1st period - Patrik Berglund is hit by Erik Gudbranson and loses puck.
11:30 of 1st period - Wrist shot by Shayne Gostisbehere.
11:30 of 1st period - Stopped by Martin Jones with a rebound.
11:32 of 1st period - Slapshot by Jared Spurgeon.
11:32 of 1st period - Shot Blocked by Erik Gudbranson.
12:10 of 1st period - Wrist shot by Patrik Berglund.
12:10 of 1st period - Shot Misses the Net.
12:18 of 1st period - Erik Gudbranson is hit by Shayne Gostisbehere and loses puck.
12:33 of 1st period - Slapshot by Patrik Berglund.
12:33 of 1st period - Shot Misses the Net.
12:35 of 1st period - Snap shot by Patrik Berglund.
12:35 of 1st period - Stopped by Martin Jones with a rebound.
12:37 of 1st period - Snap shot by Patrik Berglund.
12:37 of 1st period - Stopped by Martin Jones without a rebound.
12:38 of 1st period - Kyle Turris wins face-off versus Paul Stastny in Sabres zone.
12:39 of 1st period - Slapshot by Alexander Wennberg.
12:39 of 1st period - Deflect By Ivan Provorov.
12:39 of 1st period - Shot Misses the Net.
12:39 of 1st period - Puck is out of play.
12:40 of 1st period - Kyle Turris wins face-off versus Paul Stastny in Sabres zone.
13:35 of 1st period - Snap shot by Jakub Vrana.
13:35 of 1st period - Shot Misses the Net.
14:06 of 1st period - Slapshot by Kevin Shattenkirk.
14:06 of 1st period - Shot Blocked by Kevin Klein.
14:28 of 1st period - Roman Josi is hit by Jared Spurgeon.
14:50 of 1st period - Jamie Benn is hit by Josh Anderson and loses puck.
15:05 of 1st period - Slapshot by Shayne Gostisbehere.
15:05 of 1st period - Shot Misses the Net.
15:41 of 1st period - Andrei Markov is hit by Ivan Provorov and loses puck.
16:10 of 1st period - Backhand shot by Clayton Keller.
16:10 of 1st period - Shot Misses the Net.
16:34 of 1st period - Snap shot by Rickard Rakell.
16:34 of 1st period - Stopped by Jonathan Bernier with a rebound.
16:36 of 1st period - Slapshot by David Backes.
16:36 of 1st period - Stopped by Jonathan Bernier with a rebound.
18:02 of 1st period - Sebastian Aho is hit by Clayton Stoner and loses puck.
18:32 of 1st period - Jared Spurgeon is hit by Clayton Stoner and loses puck.
19:12 of 1st period - Snap shot by Andrew Copp.
19:12 of 1st period - Stopped by Jonathan Bernier with a rebound.
19:32 of 1st period - Morgan Rielly is hit by Ryan Carpenter and loses puck.
19:38 of 1st period - Icing by Morgan Rielly.
19:39 of 1st period - Ryan O'Reilly wins face-off versus Paul Stastny in Nordiques zone.
19:50 of 1st period - Wrist shot by Jamie Benn.
19:50 of 1st period - Stopped by Martin Jones with a rebound.
Goals for this period are 2 for Nordiques vs 0 for Sabres.
Shots for this period are 11 for Nordiques vs 8 for Sabres.

2nd period


0:01 of 2nd period - Evander Kane wins face-off versus Paul Stastny in neutral zone.
0:18 of 2nd period - Jared Spurgeon is hit by David Backes and loses puck.
0:33 of 2nd period - Snap shot by Patrik Berglund.
0:33 of 2nd period - Deflect By Jaromir Jagr.
0:33 of 2nd period - Shot Misses the Net.
0:33 of 2nd period - Puck is out of play.
0:34 of 2nd period - Kevin Hayes wins face-off versus Patrik Berglund in Sabres zone.
1:27 of 2nd period - Zach Hyman is hit by Sebastian Aho and loses puck.
1:36 of 2nd period - Wrist shot by Sebastian Aho.
1:36 of 2nd period - Stopped by Martin Jones without a rebound.
1:37 of 2nd period - Clayton Keller wins face-off versus Patrik Berglund in Sabres zone.
2:03 of 2nd period - Wrist shot by Rickard Rakell.
2:03 of 2nd period - Stopped by Jonathan Bernier with a rebound.
2:05 of 2nd period - Snap shot by Erik Gudbranson.
2:05 of 2nd period - Shot Blocked by Shayne Gostisbehere.
2:07 of 2nd period - Slapshot by Rickard Rakell.
2:07 of 2nd period - Stopped by Jonathan Bernier with a rebound.
2:09 of 2nd period - Snap shot by Erik Gudbranson.
2:09 of 2nd period - Stopped by Jonathan Bernier with a rebound.
2:31 of 2nd period - Snap shot by Ryan O'Reilly.
2:31 of 2nd period - Stopped by Martin Jones with a rebound.
2:33 of 2nd period - Backhand shot by Sebastian Aho.
2:33 of 2nd period - Stopped by Martin Jones with a rebound.
2:35 of 2nd period - Slapshot by Andrei Markov.
2:35 of 2nd period - Shot Blocked by Erik Gudbranson.
2:51 of 2nd period - Snap shot by Ryan Carpenter.
2:51 of 2nd period - Deflect By Martin Frk.
2:51 of 2nd period - Shot Misses the Net.
2:51 of 2nd period - Puck is out of play.
2:52 of 2nd period - Kyle Turris wins face-off versus Kevin Hayes in Nordiques zone.
3:19 of 2nd period - Patrik Berglund is hit by Paul Stastny and loses puck.
3:30 of 2nd period - Snap shot by Paul Stastny.
3:30 of 2nd period - Shot Blocked by Patrik Berglund.
3:32 of 2nd period - Wrist shot by Rickard Rakell.
3:32 of 2nd period - Goal by Rickard Rakell - Nordiques : 2 - Sabres : 1.
3:33 of 2nd period - Kyle Turris wins face-off versus Andrew Copp in neutral zone.
3:42 of 2nd period - Snap shot by Zach Hyman.
3:42 of 2nd period - Deflect By Josh Anderson.
3:42 of 2nd period - Shot Blocked by Kyle Turris.
3:42 of 2nd period - Puck is out of play.
3:43 of 2nd period - Andrew Copp wins face-off versus Kyle Turris in Nordiques zone.
3:44 of 2nd period - Slapshot by Roman Josi.
3:44 of 2nd period - Deflect By Kyle Turris.
3:44 of 2nd period - Stopped by Jonathan Bernier with a rebound.
3:46 of 2nd period - Snap shot by Andrew Copp.
3:46 of 2nd period - Stopped by Jonathan Bernier with a rebound.
3:48 of 2nd period - Slapshot by Roman Josi.
3:48 of 2nd period - Stopped by Jonathan Bernier without a rebound.
3:49 of 2nd period - Paul Stastny wins face-off versus Kyle Turris in Nordiques zone.
4:16 of 2nd period - Ryan O'Reilly is hit by Ivan Provorov and loses puck.
4:27 of 2nd period - Snap shot by Andre Burakovsky.
4:27 of 2nd period - Stopped by Jonathan Bernier with a rebound.
4:49 of 2nd period - Slapshot by Andrew Copp.
4:49 of 2nd period - Deflect By Zach Hyman.
4:49 of 2nd period - Shot Misses the Net.
4:49 of 2nd period - Puck is out of play.
4:50 of 2nd period - Paul Stastny wins face-off versus Kyle Turris in Nordiques zone.
4:51 of 2nd period - Wrist shot by David Backes.
4:51 of 2nd period - Shot Misses the Net.
4:59 of 2nd period - Snap shot by Kyle Turris.
4:59 of 2nd period - Deflect By Kevin Shattenkirk.
4:59 of 2nd period - Stopped by Martin Jones without a rebound.
5:00 of 2nd period - Paul Stastny wins face-off versus Kyle Turris in Sabres zone.
5:07 of 2nd period - Snap shot by Alexander Wennberg.
5:07 of 2nd period - Goal by Alexander Wennberg - Nordiques : 3 - Sabres : 1.
5:08 of 2nd period - Ryan O'Reilly wins face-off versus Andrew Copp in neutral zone.
5:17 of 2nd period - Wrist shot by Jamie Benn.
5:17 of 2nd period - Shot Blocked by Josh Anderson.
5:33 of 2nd period - Ivan Provorov is hit by Jaromir Jagr and loses puck.
5:54 of 2nd period - Wrist shot by Clayton Keller.
5:54 of 2nd period - Stopped by Jonathan Bernier with a rebound.
6:14 of 2nd period - Evander Kane is hit by Josh Anderson and loses puck.
6:34 of 2nd period - Off-side.
6:35 of 2nd period - Ryan O'Reilly wins face-off versus Ryan Carpenter in neutral zone.
6:51 of 2nd period - Snap shot by Ryan O'Reilly.
6:51 of 2nd period - Shot Misses the Net.
7:49 of 2nd period - Icing by Erik Gudbranson.
7:50 of 2nd period - Ryan O'Reilly wins face-off versus Paul Stastny in Sabres zone.
8:10 of 2nd period - Wrist shot by David Backes.
8:10 of 2nd period - Shot Blocked by Jaromir Jagr.
8:12 of 2nd period - Slapshot by Clayton Stoner.
8:12 of 2nd period - Shot Blocked by Tom Gilbert.
8:40 of 2nd period - Snap shot by Kyle Turris.
8:40 of 2nd period - Shot Misses the Net.
8:54 of 2nd period - Wrist shot by Clayton Keller.
8:54 of 2nd period - Shot Blocked by Jared Spurgeon.
9:22 of 2nd period - Snap shot by Sebastian Aho.
9:22 of 2nd period - Stopped by Martin Jones without a rebound.
9:23 of 2nd period - Andrew Copp wins face-off versus Patrik Berglund in Sabres zone.
9:32 of 2nd period - Wrist shot by Josh Anderson.
9:32 of 2nd period - Stopped by Jonathan Bernier without a rebound.
9:33 of 2nd period - Andrew Copp wins face-off versus Connor Brown in Nordiques zone.
9:44 of 2nd period - Icing by Connor Brown.
9:45 of 2nd period - Kevin Hayes wins face-off versus Patrik Berglund in Nordiques zone.
11:23 of 2nd period - Patrik Berglund is hit by Josh Anderson and loses puck.
11:35 of 2nd period - Icing by Roman Josi.
11:36 of 2nd period - Ryan O'Reilly wins face-off versus Ryan Carpenter in Sabres zone.
12:01 of 2nd period - Jamie Benn is hit by Ivan Provorov.
12:05 of 2nd period - Ivan Provorov is hit by Jamie Benn and loses puck.
12:09 of 2nd period - Icing by Roman Josi.
12:10 of 2nd period - Ryan Carpenter wins face-off versus Kyle Turris in Sabres zone.
12:45 of 2nd period - Wrist shot by Ryan Carpenter.
12:45 of 2nd period - Shot Misses the Net.
12:47 of 2nd period - Snap shot by Brian Flynn.
12:47 of 2nd period - Shot Misses the Net.
12:49 of 2nd period - Snap shot by Martin Frk.
12:49 of 2nd period - Stopped by Jonathan Bernier with a rebound.
12:51 of 2nd period - Slapshot by Roman Josi.
12:51 of 2nd period - Stopped by Jonathan Bernier with a rebound.
12:57 of 2nd period - Snap shot by Martin Frk.
12:57 of 2nd period - Shot Blocked by Alexander Wennberg.
12:59 of 2nd period - Wrist shot by Brian Flynn.
12:59 of 2nd period - Deflect By Alexander Wennberg.
12:59 of 2nd period - Shot Misses the Net.
12:59 of 2nd period - Puck is out of play.
13:00 of 2nd period - Patrik Berglund wins face-off versus Kevin Hayes in Nordiques zone.
13:10 of 2nd period - Snap shot by Kevin Shattenkirk.
13:10 of 2nd period - Shot Misses the Net.
13:32 of 2nd period - Slapshot by Kevin Shattenkirk.
13:32 of 2nd period - Stopped by Jonathan Bernier with a rebound.
14:12 of 2nd period - Off-side.
14:13 of 2nd period - Andrew Copp wins face-off versus Ryan O'Reilly in neutral zone.
14:18 of 2nd period - Snap shot by Andrew Copp.
14:18 of 2nd period - Stopped by Jonathan Bernier with a rebound.
14:40 of 2nd period - Icing by Josh Anderson.
14:41 of 2nd period - Andrew Copp wins face-off versus Kyle Turris in Sabres zone.
14:50 of 2nd period - Snap shot by Kyle Turris.
14:50 of 2nd period - Stopped by Martin Jones with a rebound.
15:08 of 2nd period - Snap shot by Martin Frk.
15:08 of 2nd period - Shot Misses the Net.
15:11 of 2nd period - Icing by Alexander Wennberg.
15:12 of 2nd period - Ryan Carpenter wins face-off versus Kyle Turris in Nordiques zone.
16:08 of 2nd period - Clayton Keller is hit by Andrei Markov and loses puck.
16:21 of 2nd period - Kevin Hayes is hit by Derek MacKenzie and loses puck.
16:42 of 2nd period - Snap shot by Patrik Berglund.
16:42 of 2nd period - Deflect By Jaromir Jagr.
16:42 of 2nd period - Stopped by Martin Jones without a rebound.
16:43 of 2nd period - Patrik Berglund wins face-off versus Paul Stastny in Sabres zone.
17:38 of 2nd period - Wrist shot by Evander Kane.
17:38 of 2nd period - Shot Misses the Net.
17:54 of 2nd period - Minor Penalty to Martin Frk for Holding.
17:55 of 2nd period - Ryan O'Reilly wins face-off versus Andrew Copp in Sabres zone.
17:58 of 2nd period - Snap shot by Jamie Benn.
17:58 of 2nd period - Goal by Jamie Benn - Nordiques : 4 - Sabres : 1.
17:59 of 2nd period - Patrik Berglund wins face-off versus Paul Stastny in neutral zone.
18:02 of 2nd period - Kevin Shattenkirk is hit by Patrik Berglund and loses puck.
19:07 of 2nd period - Wrist shot by Josh Anderson.
19:07 of 2nd period - Shot Misses the Net.
19:13 of 2nd period - Wrist shot by Connor Brown.
19:13 of 2nd period - Shot Misses the Net.
19:41 of 2nd period - Slapshot by Roman Josi.
19:41 of 2nd period - Stopped by Jonathan Bernier without a rebound.
19:42 of 2nd period - Ryan O'Reilly wins face-off versus Kevin Hayes in Nordiques zone.
Goals for this period are 2 for Nordiques vs 1 for Sabres.
Shots for this period are 9 for Nordiques vs 15 for Sabres.

3rd period


0:01 of 3rd period - Paul Stastny wins face-off versus Kyle Turris in neutral zone.
0:09 of 3rd period - Wrist shot by Evander Kane.
0:09 of 3rd period - Deflect By Alexander Wennberg.
0:09 of 3rd period - Stopped by Martin Jones with a rebound.
0:11 of 3rd period - Snap shot by Kyle Turris.
0:11 of 3rd period - Shot Misses the Net.
0:33 of 3rd period - Slapshot by Clayton Keller.
0:33 of 3rd period - Stopped by Jonathan Bernier with a rebound.
0:35 of 3rd period - Wrist shot by Andre Burakovsky.
0:35 of 3rd period - Shot Misses the Net.
1:41 of 3rd period - Snap shot by Kyle Turris.
1:41 of 3rd period - Shot Misses the Net.
3:02 of 3rd period - Slapshot by Alexander Wennberg.
3:02 of 3rd period - Shot Misses the Net.
3:04 of 3rd period - Slapshot by Jared Spurgeon.
3:04 of 3rd period - Deflect By Ivan Provorov.
3:04 of 3rd period - Stopped by Martin Jones without a rebound.
3:05 of 3rd period - Andre Burakovsky wins face-off versus Ryan O'Reilly in Sabres zone.
3:19 of 3rd period - Off-side.
3:20 of 3rd period - Kyle Turris wins face-off versus Paul Stastny in neutral zone.
3:36 of 3rd period - Off-side.
3:37 of 3rd period - Ryan O'Reilly wins face-off versus Kevin Hayes in neutral zone.
3:40 of 3rd period - Snap shot by Ryan O'Reilly.
3:40 of 3rd period - Goal by Ryan O'Reilly - Nordiques : 5 - Sabres : 1.
3:40 of 3rd period - Kari Lehtonen enters game.
3:41 of 3rd period - Paul Stastny wins face-off versus Ryan O'Reilly in neutral zone.
3:43 of 3rd period - Minor Penalty to Michael Stone for Roughing.
3:44 of 3rd period - Kyle Turris wins face-off versus Andrew Copp in Sabres zone.
3:46 of 3rd period - Snap shot by Alexander Wennberg.
3:46 of 3rd period - Goal by Alexander Wennberg - Nordiques : 6 - Sabres : 1.
3:47 of 3rd period - Ryan O'Reilly wins face-off versus Rickard Rakell in neutral zone.
4:03 of 3rd period - Snap shot by Jamie Benn.
4:03 of 3rd period - Goal by Jamie Benn - Nordiques : 7 - Sabres : 1.
4:04 of 3rd period - Evander Kane wins face-off versus Kevin Hayes in neutral zone.
4:09 of 3rd period - Icing by Kevin Shattenkirk.
4:10 of 3rd period - Kyle Turris wins face-off versus Andre Burakovsky in Sabres zone.
4:31 of 3rd period - Double Minor Penalty to Evander Kane for High sticking.
4:32 of 3rd period - Paul Stastny wins face-off versus Patrik Berglund in Nordiques zone.
4:35 of 3rd period - Snap shot by Paul Stastny.
4:35 of 3rd period - Shot Misses the Net.
4:41 of 3rd period - Slapshot by Morgan Rielly.
4:41 of 3rd period - Deflect By Connor Brown.
4:41 of 3rd period - Stopped by Kari Lehtonen without a rebound.
4:42 of 3rd period - Patrik Berglund wins face-off versus Rickard Rakell in Sabres zone.
4:55 of 3rd period - Wrist shot by Clayton Keller.
4:55 of 3rd period - Shot Misses the Net.
5:11 of 3rd period - Slapshot by Morgan Rielly.
5:11 of 3rd period - Shot Misses the Net.
5:13 of 3rd period - Wrist shot by Luke Glendening.
5:13 of 3rd period - Shot Misses the Net.
5:15 of 3rd period - Slapshot by Morgan Rielly.
5:15 of 3rd period - Stopped by Kari Lehtonen without a rebound.
5:16 of 3rd period - Martin Frk wins face-off versus Connor Brown in Sabres zone.
5:31 of 3rd period - Snap shot by David Backes.
5:31 of 3rd period - Goal by David Backes - Nordiques : 7 - Sabres : 2.
5:32 of 3rd period - Luke Glendening wins face-off versus Paul Stastny in neutral zone.
5:39 of 3rd period - Slapshot by Roman Josi.
5:39 of 3rd period - Shot Blocked by Luke Glendening.
5:41 of 3rd period - Slapshot by Roman Josi.
5:41 of 3rd period - Shot Blocked by Derek MacKenzie.
5:43 of 3rd period - Slapshot by Kevin Shattenkirk.
5:43 of 3rd period - Shot Misses the Net.
5:45 of 3rd period - Wrist shot by Paul Stastny.
5:45 of 3rd period - Stopped by Jonathan Bernier without a rebound.
5:46 of 3rd period - Paul Stastny wins face-off versus Luke Glendening in Nordiques zone.
5:47 of 3rd period - Snap shot by Clayton Keller.
5:47 of 3rd period - Shot Blocked by Derek MacKenzie.
5:49 of 3rd period - Wrist shot by Clayton Keller.
5:49 of 3rd period - Shot Blocked by Kevin Klein.
5:51 of 3rd period - Snap shot by Paul Stastny.
5:51 of 3rd period - Stopped by Jonathan Bernier with a rebound.
5:55 of 3rd period - Wrist shot by Clayton Keller.
5:55 of 3rd period - Stopped by Jonathan Bernier with a rebound.
5:57 of 3rd period - Slapshot by Roman Josi.
5:57 of 3rd period - Shot Misses the Net.
5:59 of 3rd period - Slapshot by Roman Josi.
5:59 of 3rd period - Stopped by Jonathan Bernier without a rebound.
5:59 of 3rd period - Minor Penalty to Jonathan Bernier for Delaying the game.
6:00 of 3rd period - Ryan O'Reilly wins face-off versus Paul Stastny in Nordiques zone.
7:31 of 3rd period - Penalty to Evander Kane is over, Evander Kane is back on ice.
7:59 of 3rd period - Penalty to Tom Gilbert is over, Tom Gilbert is back on ice.
8:11 of 3rd period - Wrist shot by Josh Anderson.
8:11 of 3rd period - Stopped by Jonathan Bernier without a rebound.
8:12 of 3rd period - Andrew Copp wins face-off versus Kyle Turris in Nordiques zone.
8:21 of 3rd period - Slapshot by Josh Anderson.
8:21 of 3rd period - Shot Misses the Net.
8:50 of 3rd period - Backhand shot by Jaromir Jagr.
8:50 of 3rd period - Deflect By Patrik Berglund.
8:50 of 3rd period - Stopped by Kari Lehtonen with a rebound.
8:52 of 3rd period - Snap shot by Patrik Berglund.
8:52 of 3rd period - Shot Misses the Net.
8:54 of 3rd period - Wrist shot by Patrik Berglund.
8:54 of 3rd period - Shot Blocked by Andrew Copp.
9:04 of 3rd period - Wrist shot by Zach Hyman.
9:04 of 3rd period - Deflect By Andrew Copp.
9:04 of 3rd period - Stopped by Jonathan Bernier without a rebound.
9:05 of 3rd period - Ryan O'Reilly wins face-off versus Paul Stastny in Nordiques zone.
9:16 of 3rd period - Slapshot by Jamie Benn.
9:16 of 3rd period - Stopped by Kari Lehtonen without a rebound.
9:17 of 3rd period - Ryan O'Reilly wins face-off versus Paul Stastny in Sabres zone.
10:22 of 3rd period - Wrist shot by Rickard Rakell.
10:22 of 3rd period - Shot Blocked by Andrei Markov.
10:39 of 3rd period - Icing by Roman Josi.
10:40 of 3rd period - Paul Stastny wins face-off versus Ryan O'Reilly in Sabres zone.
10:51 of 3rd period - Snap shot by Jamie Benn.
10:51 of 3rd period - Stopped by Kari Lehtonen with a rebound.
10:53 of 3rd period - Snap shot by Ryan O'Reilly.
10:53 of 3rd period - Shot Misses the Net.
11:05 of 3rd period - Paul Stastny is hit by Kevin Klein and loses puck.
11:14 of 3rd period - Snap shot by Jamie Benn.
11:14 of 3rd period - Stopped by Kari Lehtonen with a rebound.
11:16 of 3rd period - Slapshot by Shayne Gostisbehere.
11:16 of 3rd period - Deflect By Jamie Benn.
11:16 of 3rd period - Shot Blocked by Rickard Rakell.
11:16 of 3rd period - Puck is out of play.
11:17 of 3rd period - Kevin Hayes wins face-off versus Kyle Turris in Sabres zone.
11:42 of 3rd period - Josh Anderson is hit by Patrik Berglund and loses puck.
11:51 of 3rd period - Wrist shot by Zach Hyman.
11:51 of 3rd period - Shot Blocked by Shayne Gostisbehere.
12:09 of 3rd period - Slapshot by Shayne Gostisbehere.
12:09 of 3rd period - Stopped by Kari Lehtonen without a rebound.
12:10 of 3rd period - Kevin Hayes wins face-off versus Kyle Turris in Sabres zone.
12:15 of 3rd period - Wrist shot by Kevin Hayes.
12:15 of 3rd period - Deflect By Morgan Rielly.
12:15 of 3rd period - Shot Misses the Net.
12:15 of 3rd period - Puck is out of play.
12:16 of 3rd period - Kevin Hayes wins face-off versus Kyle Turris in Nordiques zone.
12:29 of 3rd period - Wrist shot by Evander Kane.
12:29 of 3rd period - Stopped by Kari Lehtonen with a rebound.
13:07 of 3rd period - Slapshot by Shayne Gostisbehere.
13:07 of 3rd period - Deflect By Andrew Copp.
13:07 of 3rd period - Stopped by Kari Lehtonen without a rebound.
13:08 of 3rd period - Patrik Berglund wins face-off versus Andrew Copp in Sabres zone.
13:15 of 3rd period - Snap shot by Connor Brown.
13:15 of 3rd period - Shot Misses the Net.
13:17 of 3rd period - Backhand shot by Connor Brown.
13:17 of 3rd period - Stopped by Kari Lehtonen with a rebound.
13:19 of 3rd period - Snap shot by Tom Gilbert.
13:19 of 3rd period - Shot Blocked by Zach Hyman.
13:21 of 3rd period - Snap shot by Patrik Berglund.
13:21 of 3rd period - Stopped by Kari Lehtonen without a rebound.
13:22 of 3rd period - Kevin Hayes wins face-off versus Ryan O'Reilly in Sabres zone.
13:28 of 3rd period - Off-side.
13:29 of 3rd period - Ryan O'Reilly wins face-off versus Kevin Hayes in neutral zone.
13:34 of 3rd period - Snap shot by Ryan O'Reilly.
13:34 of 3rd period - Shot Misses the Net.
13:44 of 3rd period - Wrist shot by Andre Burakovsky.
13:44 of 3rd period - Stopped by Jonathan Bernier without a rebound.
13:45 of 3rd period - Paul Stastny wins face-off versus Alexander Wennberg in Nordiques zone.
13:56 of 3rd period - Evander Kane is hit by Ivan Provorov and loses puck.
14:18 of 3rd period - Off-side.
14:19 of 3rd period - Patrik Berglund wins face-off versus Kevin Hayes in neutral zone.
14:21 of 3rd period - Off-side.
14:22 of 3rd period - Kevin Hayes wins face-off versus Patrik Berglund in neutral zone.
14:55 of 3rd period - Andrei Markov is hit by Rickard Rakell and loses puck.
15:15 of 3rd period - Slapshot by Roman Josi.
15:15 of 3rd period - Shot Misses the Net.
15:27 of 3rd period - Sebastian Aho is hit by Martin Frk and loses puck.
15:34 of 3rd period - Wrist shot by Ryan Carpenter.
15:34 of 3rd period - Stopped by Jonathan Bernier without a rebound.
15:35 of 3rd period - Patrik Berglund wins face-off versus Paul Stastny in Nordiques zone.
15:35 of 3rd period - Patrik Berglund is hit by Erik Gudbranson.
16:32 of 3rd period - Snap shot by Jamie Benn.
16:32 of 3rd period - Shot Misses the Net.
16:34 of 3rd period - Snap shot by Jamie Benn.
16:34 of 3rd period - Stopped by Kari Lehtonen without a rebound.
16:35 of 3rd period - Paul Stastny wins face-off versus Patrik Berglund in Sabres zone.
16:48 of 3rd period - Snap shot by Paul Stastny.
16:48 of 3rd period - Shot Misses the Net.
16:50 of 3rd period - Snap shot by David Backes.
16:50 of 3rd period - Stopped by Jonathan Bernier with a rebound.
16:52 of 3rd period - Slapshot by Michael Stone.
16:52 of 3rd period - Shot Misses the Net.
17:02 of 3rd period - Michael Stone is hit by Jamie Benn and loses puck.
17:53 of 3rd period - Michael Stone is hit by Derek MacKenzie and loses puck.
18:06 of 3rd period - Slapshot by Ryan O'Reilly.
18:06 of 3rd period - Shot Misses the Net.
18:28 of 3rd period - Wrist shot by Andre Burakovsky.
18:28 of 3rd period - Deflect By Shayne Gostisbehere.
18:28 of 3rd period - Stopped by Jonathan Bernier with a rebound.
18:30 of 3rd period - Slapshot by Michael Stone.
18:30 of 3rd period - Shot Blocked by Shayne Gostisbehere.
18:52 of 3rd period - Snap shot by Alexander Wennberg.
18:52 of 3rd period - Shot Misses the Net.
18:54 of 3rd period - Wrist shot by Alexander Wennberg.
18:54 of 3rd period - Shot Blocked by Roman Josi.
18:56 of 3rd period - Wrist shot by Jared Spurgeon.
18:56 of 3rd period - Deflect By Roman Josi.
18:56 of 3rd period - Stopped by Kari Lehtonen without a rebound.
18:57 of 3rd period - Paul Stastny wins face-off versus Ryan O'Reilly in Sabres zone.
19:47 of 3rd period - Roman Josi is hit by Patrik Berglund and loses puck.
19:54 of 3rd period - Slapshot by Ivan Provorov.
19:54 of 3rd period - Shot Misses the Net.
19:56 of 3rd period - Slapshot by Zach Hyman.
19:56 of 3rd period - Shot Misses the Net.
Goals for this period are 3 for Nordiques vs 1 for Sabres.
Shots for this period are 18 for Nordiques vs 12 for Sabres.